[ AOE2 MATCH · #495500990 ]
UnrankedBohemians vs Persians
Player's team · WIN
Rival team · LOSS
[ REPLAY ANALYSIS · EXTRACTED FROM THE RECORDED GAME ]
Feudal
11:00
Castle
23:26
Imperial
41:55
| APM avg | 31.9 |
| APM peak | 88 |
| eAPM avg | 23.6 |
| Villagers / military | 442 / 1636 |
Focus
⚔️ 48.2% · 🌾 51.8%
Spearman ×958 · Skirmisher ×414 · Archer ×168 · Monk ×26 · Battering Ram ×19 · Scout Cavalry ×18
Feudal
10:38
Castle
20:49
Imperial
42:06
| APM avg | 53.6 |
| APM peak | 145 |
| eAPM avg | 27.5 |
| Villagers / military | 530 / 1522 |
Focus
⚔️ 39.5% · 🌾 60.5%
Scout Cavalry ×709 · Archer ×373 · Skirmisher ×300 · Cavalry Archer ×45 · Battering Ram ×38 · Knight ×34
Match map
Initial resources + every placement click. Lines = walls · curves = elevation contours. ◆ gold · ⬟ stone · ● berries · ✦ relic · ◌ wall gap
Your base· ✓ Closed at 23:26 · 40t walls · 2 gate(s)
Leto Apor's base· Open — unwalled flank
Smoothed initial terrain · ◌ = detected wall gap · hover for details
Inputs per minute
— musialaseinjamal - - Leto Apor
Build order — musialaseinjamal
First 150 of 1486 actions detected
| 0:01 | Queue | Villager (Male) |
| 0:02 | Build | House |
| 0:03 | Build | House |
| 0:22 | Queue | Villager (Male) ×3 |
| 1:27 | Build | Lumber Camp |
| 1:41 | Queue | Villager (Male) |
| 2:02 | Queue | Villager (Male) |
| 2:26 | Queue | Villager (Male) |
| 2:53 | Queue | Villager (Male) |
| 3:06 | Queue | Villager (Male) |
| 3:49 | Queue | Villager (Male) |
| 3:49 | Queue | Villager (Male) |
| 3:59 | Build | House |
| 4:32 | Queue | Villager (Male) |
| 4:37 | Build | House |
| 5:00 | Queue | Villager (Male) |
| 5:01 | Queue | Villager (Male) |
| 5:01 | Queue | Villager (Male) |
| 5:01 | Queue | Villager (Male) |
| 5:01 | Queue | Villager (Male) |
| 5:17 | Build | Mill |
| 5:38 | Queue | Villager (Male) |
| 6:27 | Build | House |
| 6:52 | Build | Mill |
| 7:09 | Queue | Villager (Male) |
| 7:14 | Build | Barracks |
| 7:35 | Research | Loom |
| 7:47 | Queue | Villager (Male) |
| 8:20 | Queue | Villager (Male) |
| 8:29 | Build | House |
| 8:32 | Research | Feudal Age |
| 9:03 | Build | Mining Camp |
| 9:30 | Queue | Villager (Male) |
| 10:08 | Build | Mill |
| 10:10 | Build | Palisade Wall |
| 10:20 | Build | House |
| 10:22 | Build | Palisade Wall |
| 10:24 | Build | Palisade Wall |
| 10:50 | Build | House |
| 10:51 | Build | Palisade Wall |
| 10:57 | Build | Palisade Wall |
| 11:00 | Age | Feudal Age |
| 11:03 | Queue | Villager (Male) |
| 11:07 | Build | Archery Range |
| 11:26 | Build | Palisade Wall |
| 11:27 | Build | Palisade Wall |
| 11:40 | Build | House |
| 11:44 | Build | Palisade Wall |
| 11:48 | Build | House |
| 12:07 | Queue | Archer |
| 12:07 | Queue | Villager (Male) |
| 12:08 | Queue | Villager (Male) |
| 12:21 | Build | Farm |
| 12:23 | Build | Farm |
| 12:28 | Build | Blacksmith |
| 12:32 | Build | Palisade Wall |
| 12:41 | Build | House |
| 12:50 | Build | Palisade Wall |
| 12:53 | Queue | Archer |
| 12:54 | Queue | Villager (Male) |
| 13:10 | Queue | Villager (Male) |
| 13:13 | Build | Farm |
| 13:40 | Build | House |
| 13:43 | Queue | Villager (Male) |
| 13:46 | Build | Farm |
| 13:47 | Build | Farm |
| 13:48 | Research | Fletching |
| 13:49 | Queue | Archer |
| 13:49 | Queue | Archer |
| 13:55 | Build | Farm |
| 14:06 | Queue | Villager (Male) |
| 14:07 | Queue | Skirmisher |
| 14:11 | Build | House |
| 14:15 | Build | Palisade Wall |
| 14:30 | Queue | Villager (Male) |
| 14:32 | Queue | Skirmisher |
| 14:37 | Build | House |
| 14:39 | Build | House |
| 14:41 | Build | Palisade Wall |
| 14:44 | Build | House |
| 14:46 | Build | Palisade Wall |
| 14:50 | Build | Farm |
| 14:52 | Build | Farm |
| 15:06 | Build | Market |
| 15:09 | Build | Palisade Gate |
| 15:20 | Queue | Skirmisher |
| 15:24 | Research | Padded Archer Armor |
| 15:31 | Build | Lumber Camp |
| 15:32 | Queue | Villager (Male) |
| 15:33 | Queue | Villager (Male) |
| 15:52 | Build | House |
| 15:58 | Build | House |
| 16:17 | Build | House |
| 16:20 | Build | House |
| 16:27 | Queue | Villager (Male) |
| 16:35 | Queue | Skirmisher |
| 16:39 | Build | Farm |
| 16:52 | Queue | Villager (Male) |
| 16:53 | Queue | Archer |
| 16:53 | Queue | Archer |
| 17:03 | Build | Farm |
| 17:19 | Queue | Villager (Male) |
| 17:20 | Queue | Villager (Male) |
| 17:21 | Queue | Villager (Male) |
| 17:25 | Queue | Skirmisher |
| 17:31 | Queue | Villager (Male) |
| 17:37 | Build | House |
| 17:38 | Build | Palisade Wall |
| 17:48 | Research | Double-Bit Axe |
| 17:59 | Queue | Villager (Male) |
| 18:00 | Queue | Archer |
| 18:00 | Queue | Archer |
| 18:26 | Build | Archery Range |
| 18:30 | Queue | Skirmisher |
| 18:31 | Queue | Villager (Male) |
| 18:32 | Queue | Archer |
| 18:54 | Research | Wheelbarrow |
| 19:19 | Build | House |
| 19:24 | Queue | Archer |
| 19:24 | Queue | Archer |
| 19:41 | Queue | Archer |
| 20:08 | Queue | Archer |
| 20:13 | Build | House |
| 20:19 | Build | Palisade Wall |
| 20:21 | Queue | Villager (Male) |
| 20:40 | Research | Castle Age |
| 20:49 | Queue | Archer |
| 20:49 | Queue | Archer |
| 20:53 | Build | House |
| 20:58 | Build | Palisade Gate |
| 20:59 | Build | Palisade Wall |
| 21:47 | Queue | Archer |
| 21:48 | Queue | Archer |
| 21:50 | Build | Mining Camp |
| 21:51 | Queue | Villager (Male) |
| 21:54 | Queue | Archer |
| 21:54 | Queue | Archer |
| 22:10 | Queue | Villager (Male) |
| 22:10 | Queue | Villager (Male) |
| 22:10 | Queue | Villager (Male) |
| 22:17 | Queue | Archer |
| 22:56 | Queue | Archer |
| 22:56 | Queue | Archer |
| 23:26 | Age | Castle Age |
| 23:27 | Research | Crossbowman (upgrade) |
| 23:29 | Research | Bodkin Arrow |
| 23:42 | Build | University |
| 23:43 | Build | House |
| 23:44 | Build | House |
| 23:57 | Research | Leather Archer Armor |
Build order — Leto Apor
First 150 of 1520 actions detected
| 0:00 | Queue | Villager (Male) |
| 0:01 | Queue | Villager (Male) |
| 0:02 | Build | House |
| 0:02 | Build | House |
| 0:23 | Queue | Villager (Male) |
| 0:23 | Queue | Villager (Male) |
| 0:26 | Queue | Villager (Male) |
| 0:26 | Queue | Villager (Male) |
| 1:21 | Queue | Villager (Male) |
| 1:30 | Build | Lumber Camp |
| 1:58 | Queue | Villager (Male) |
| 1:58 | Queue | Villager (Male) |
| 2:26 | Queue | Villager (Male) |
| 2:26 | Queue | Villager (Male) |
| 2:58 | Queue | Villager (Male) |
| 2:58 | Queue | Villager (Male) |
| 3:09 | Build | House |
| 3:13 | Queue | Villager (Male) |
| 3:13 | Queue | Villager (Male) |
| 3:42 | Build | Barracks |
| 3:45 | Build | House |
| 3:50 | Queue | Villager (Male) |
| 4:29 | Queue | Villager (Male) |
| 4:33 | Queue | Militia |
| 4:34 | Queue | Militia |
| 4:55 | Queue | Villager (Male) |
| 5:18 | Queue | Villager (Male) |
| 5:21 | Queue | Villager (Male) |
| 5:23 | Build | House |
| 6:18 | Queue | Villager (Male) |
| 6:42 | Build | Mill |
| 6:52 | Queue | Villager (Male) |
| 7:02 | Queue | Militia |
| 7:08 | Queue | Militia |
| 7:40 | Queue | Villager (Male) |
| 7:41 | Queue | Villager (Male) |
| 8:28 | Research | Feudal Age |
| 8:29 | Research | Feudal Age |
| 8:33 | Build | Mining Camp |
| 9:04 | Queue | Militia |
| 10:07 | Build | Mill |
| 10:09 | Queue | Villager (Male) |
| 10:21 | Build | House |
| 10:38 | Age | Feudal Age |
| 10:42 | Research | Man-at-Arms (upgrade) |
| 10:45 | Build | House |
| 10:59 | Queue | Villager (Male) |
| 11:06 | Queue | Spearman |
| 11:12 | Research | Double-Bit Axe |
| 11:12 | Research | Double-Bit Axe |
| 11:49 | Queue | Villager (Male) |
| 12:03 | Queue | Villager (Male) |
| 12:09 | Build | Archery Range |
| 12:23 | Queue | Villager (Male) |
| 12:28 | Build | House |
| 12:58 | Queue | Villager (Male) |
| 13:01 | Queue | Archer |
| 13:02 | Queue | Archer |
| 13:07 | Build | Archery Range |
| 13:12 | Research | Loom |
| 13:32 | Queue | Villager (Male) |
| 13:40 | Build | Blacksmith |
| 13:46 | Build | Farm |
| 13:47 | Build | Farm |
| 13:51 | Queue | Archer |
| 14:24 | Queue | Archer |
| 14:25 | Queue | Archer |
| 14:27 | Research | Fletching |
| 14:31 | Build | Farm |
| 14:32 | Build | Farm |
| 14:34 | Build | House |
| 14:51 | Queue | Archer |
| 14:52 | Queue | Archer |
| 14:57 | Queue | Villager (Male) |
| 14:57 | Queue | Villager (Male) |
| 15:01 | Build | Farm |
| 15:03 | Build | House |
| 15:06 | Build | Palisade Wall |
| 15:12 | Queue | Villager (Male) |
| 15:13 | Build | Farm |
| 15:54 | Queue | Archer |
| 15:55 | Queue | Archer |
| 16:25 | Queue | Archer |
| 16:37 | Queue | Villager (Male) |
| 17:31 | Queue | Villager (Male) |
| 17:36 | Build | Market |
| 18:01 | Build | House |
| 18:12 | Build | Farm |
| 18:24 | Research | Castle Age |
| 18:24 | Research | Castle Age |
| 18:33 | Build | Stable |
| 18:42 | Build | House |
| 19:14 | Queue | Scout Cavalry |
| 19:19 | Build | Farm |
| 19:29 | Build | Lumber Camp |
| 19:32 | Build | Farm |
| 19:46 | Research | Bloodlines |
| 19:46 | Research | Bloodlines |
| 20:13 | Research | Scale Barding Armor |
| 20:17 | Queue | Villager (Male) |
| 20:22 | Build | House |
| 20:49 | Age | Castle Age |
| 20:52 | Queue | Knight |
| 21:06 | Build | Town Center |
| 21:11 | Queue | Knight |
| 21:13 | Queue | Cavalry Archer |
| 21:49 | Queue | Cavalry Archer |
| 21:56 | Research | Husbandry |
| 21:57 | Queue | Villager (Male) |
| 21:59 | Build | House |
| 22:03 | Build | House |
| 22:05 | Build | Farm |
| 22:08 | Queue | Villager (Male) |
| 22:34 | Queue | Cavalry Archer |
| 22:34 | Queue | Cavalry Archer |
| 22:43 | Queue | Knight |
| 23:00 | Queue | Villager (Male) |
| 23:00 | Queue | Villager (Male) |
| 23:04 | Build | Farm |
| 23:09 | Queue | Cavalry Archer |
| 23:09 | Queue | Cavalry Archer |
| 23:29 | Queue | Villager (Male) |
| 23:30 | Queue | Villager (Male) |
| 23:34 | Queue | Knight |
| 23:36 | Build | House |
| 23:57 | Queue | Villager (Male) |
| 24:00 | Build | Farm |
| 24:01 | Build | Farm |
| 24:03 | Build | Palisade Wall |
| 24:09 | Build | Palisade Wall |
| 24:12 | Queue | Villager (Male) |
| 24:31 | Queue | Villager (Male) |
| 24:33 | Build | Farm |
| 24:37 | Build | Farm |
| 24:37 | Build | Farm |
| 24:46 | Queue | Villager (Male) ×4 |
| 25:03 | Research | Horse Collar |
| 25:51 | Queue | Villager (Male) |
| 25:52 | Queue | Villager (Male) |
| 25:52 | Queue | Villager (Male) |
| 25:55 | Build | Farm |
| 26:14 | Queue | Villager (Male) |
| 26:14 | Queue | Villager (Male) |
| 26:16 | Queue | Cavalry Archer |
| 26:17 | Queue | Cavalry Archer |
| 26:29 | Build | Farm |
| 26:30 | Build | Farm |
| 26:30 | Build | Farm |
| 26:37 | Build | University |
| 26:44 | Queue | Villager (Male) |
Match timeline
| 3:42 | Leto Apor · first_building Barracks |
| 7:14 | musialaseinjamal · first_building Barracks |
| 10:10 | musialaseinjamal · wall_segment Palisade Wall x1 |
| 10:22 | musialaseinjamal · wall_segment Palisade Wall x1 |
| 10:24 | musialaseinjamal · wall_segment Palisade Wall x1 |
| 10:38 | Leto Apor · age_up feudal |
| 10:51 | musialaseinjamal · wall_segment Palisade Wall x4 |
| 10:57 | musialaseinjamal · wall_segment Palisade Wall x1 |
| 11:00 | musialaseinjamal · age_up feudal |
| 11:07 | musialaseinjamal · first_building Archery Range |
| 11:26 | musialaseinjamal · wall_segment Palisade Wall x1 |
| 11:27 | musialaseinjamal · wall_segment Palisade Wall x1 |
| 11:44 | musialaseinjamal · wall_segment Palisade Wall x1 |
| 12:09 | Leto Apor · first_building Archery Range |
| 12:32 | musialaseinjamal · wall_segment Palisade Wall x1 |
| 12:50 | musialaseinjamal · wall_segment Palisade Wall x1 |
| 14:15 | musialaseinjamal · wall_segment Palisade Wall x12 |
| 14:41 | musialaseinjamal · wall_segment Palisade Wall x3 |
| 14:46 | musialaseinjamal · wall_segment Palisade Wall x1 |
| 15:06 | Leto Apor · wall_segment Palisade Wall x3 |
| 17:38 | musialaseinjamal · wall_segment Palisade Wall x4 |
| 18:18 | Leto Apor · first_market_buy 100 food |
| 18:20 | Leto Apor · first_market_sell 100 stone |
| 18:33 | Leto Apor · first_building Stable |
| 18:57 | musialaseinjamal · first_market_sell 100 stone |
| 18:58 | musialaseinjamal · first_market_buy 100 food |
| 20:19 | musialaseinjamal · wall_segment Palisade Wall x1 |
| 20:49 | Leto Apor · age_up castle |
| 20:59 | musialaseinjamal · wall_segment Palisade Wall x6 |
| 23:26 | musialaseinjamal · age_up castle |
| 24:03 | Leto Apor · wall_segment Palisade Wall x1 |
| 24:09 | Leto Apor · wall_segment Palisade Wall x4 |
| 25:13 | musialaseinjamal · first_building Monastery |
| 28:11 | musialaseinjamal · first_building Siege Workshop |
| 32:09 | Leto Apor · first_building Siege Workshop |
| 37:46 | musialaseinjamal · first_building Castle |
| 40:00 | Leto Apor · first_building Monastery |
| 41:55 | musialaseinjamal · age_up imperial |
| 42:06 | Leto Apor · age_up imperial |
| 56:57 | Leto Apor · first_building Castle |
| 63:25 | musialaseinjamal · first_building Stable |
| 126:01 | Leto Apor · resign |
[ AI ANALYSIS · 1 CREDIT ]
What really happened in this match?
Wolo.gg analyzes every decision: build order, eco, micro, common mistakes by bracket. Personalized analysis on WhatsApp or Discord in 30 seconds.
Civ guide
Bohemians
Perfil
Jugador #23131361